 Dungeon Crawl Stone Soup version 0.21.1-1-g345015f (webtiles) character file.

113 empire the Shield-Bearer (level 4, -7/39 HPs)
             Began as a Minotaur Fighter on May 25, 2018.
             Mangled by an ogre
             ... wielding a +0 giant club
              (24 damage)
             ... on level 4 of the Dungeon.
             The game lasted 00:04:55 (1900 turns).

empire the Shield-Bearer (Minotaur Fighter)         Turns: 1900, Time: 00:04:55

Health: -7/39      AC: 11    Str: 22    XL:     4   Next: 65%
Magic:  3/3        EV:  5    Int:  5    God:
Gold:   118        SH: 14    Dex:  9    Spells: 3/3 levels left

rFire    x . .     SeeInvis .   a - +0 long sword
rCold    + . .     Gourm    .   c - +0 shield
rNeg     . . .     Faith    .   l - +0 chain mail
rPois    .         Spirit   .   k - +2 hat
rElec    .         Reflect  +   (no cloak)
rCorr    .         Harm     .   (no gloves)
MR       .....                  (no boots)
Stlth    ..........             h - +5 amulet of reflection
HPRegen  0.13/turn              w - ring of ice
MPRegen  0.08/turn              (no ring)

@: no status effects
A: retaliatory headbutt, horns 2
a: no special abilities


You were on level 4 of the Dungeon.
You were hungry.

You visited 1 branch of the dungeon, and saw 4 of its levels.

You collected 118 gold pieces.

Inventory:

Hand Weapons
 a - a +0 long sword (weapon)
Armour
 c - a +0 shield (worn)
 k - a +2 hat (worn)
 l - a +0 chain mail (worn)
Jewellery
 h - a +5 amulet of reflection (around neck)
 w - a ring of ice (left hand)
Wands
 v - a wand of flame (18)
Scrolls
 e - 5 scrolls of identify
 g - a scroll of amnesia
 j - 2 scrolls of teleportation {unknown}
 m - a scroll of noise {unknown}
 o - a scroll of blinking {unknown}
 s - a scroll of remove curse {unknown}
Potions
 b - a potion of brilliance
 d - a potion of might
 n - a potion of resistance
 p - a potion of berserk rage {unknown}
 q - a potion of ambrosia {unknown}
 r - 2 potions of cancellation
 t - a potion of lignification {unknown}
 x - a potion of agility {unknown}
Comestibles
 f - 5 rations


   Skills:
 - Level 3.6 Fighting
 * Level 4.0 Long Blades
 + Level 4.7 Armour
 + Level 4.8 Shields


You had 3 spell levels left.
You didn't know any spells.

Dungeon Overview and Level Annotations

Branches:
Dungeon (4/15)
 Temple: D:4-7

Altars:
Dithmenos
Nemelex Xobeh
Xom


Innate Abilities, Weirdness & Mutations

You reflexively headbutt those who attack you in melee.
You have a pair of horns on your head.


Message History

r - 2 potions of cancellation
As you read the scroll labeled QOPTEME OTHA, it crumbles to dust.
It is a scroll of amnesia.
You feel forgetful for a moment.
As you read the scroll labeled OBYROFURGHEO, it crumbles to dust.
You feel aware of your surroundings.
You sensed 2 altars, and 1 shop/portal.
It was a scroll of magic mapping.
Your shield and chain mail prevent you from hitting the ogre.
You block the ogre's attack.
Your shield and chain mail prevent you from hitting the ogre.
The ogre barely misses you.
You hit the ogre.
The ogre is moderately wounded.
The ogre hits you with a giant club!!
Ouch! That really hurt!
Your shield and chain mail prevent you from hitting the ogre.
The ogre is moderately wounded.
The ogre hits you with a giant club!!
Ouch! That really hurt!
You die...

****,,,,,,*** *,****...#*
*,,,.**.,.#***** ****
***,#.##...,,,,*************
,,,****,*,#...#.***,,,,,,,,,,,,,,
**,,,,,*,,,#....,,,,,,,,,,******,
*****,*,,,,,*...##*,,,,,,,,,,,,,,
** *,*,≈≈≈,*,#..#*,,,,,,,**,**,,
,****,*≈,,,≈*,#.@#*******,*,,,*,*
,,,,,,*≈,_,≈#...O$......,,,,,,,,*
****,,*≈,,,≈#.......%..#,,*,,,,,,
*,,*,≈≈≈,#....(.....#*,**,,**,
**,*,,,,,#(.........#,,,,,*,,*
**,*,,,*...........#,**,,*,,*
**,*,*............r,*,,,,**,
*,,*...##########.,,,,,,,,,
*,,,,,** *,,*,,,*,,,


You could see an ogre and a rat (wandering).

Vanquished Creatures
  Robin (D:3)
  3 adders
  2 worms (D:2)
  3 dart slugs
  2 leopard geckos
  An orc (D:3)
  3 ball pythons
  A giant cockroach (D:1)
  8 goblins
  9 hobgoblins
  3 quokkas
  9 bats
  4 frilled lizards
  6 kobolds
  6 rats
61 creatures vanquished.

Notes
Turn   | Place    | Note
-------+----------+-------------------------------------------
     0 | D:1      | empire the Minotaur Fighter began the quest for the Orb.
     0 | D:1      | Reached XP level 1. HP: 19/19 MP: 0/0
   168 | D:1      | Reached XP level 2. HP: 26/26 MP: 1/1
   763 | D:2      | Reached XP level 3. HP: 23/31 MP: 2/2
   995 | D:2      | Found a shadowy altar of Dithmenos.
  1283 | D:3      | Reached XP level 4. HP: 35/39 MP: 3/3
  1372 | D:3      | Noticed Robin
  1398 | D:3      | Killed Robin
  1436 | D:3      | Found a shimmering altar of Xom.
  1803 | D:3      | Found a sparkling altar of Nemelex Xobeh.
  1893 | D:4      | Noticed an ogre
  1900 | D:4      | Mangled by an ogre

Skill      XL: |  1  2  3  4 |
---------------+-------------+-----
Shields        | 4 |  4.8
Armour         | 4 |  4.7
Long Blades    | 3 4 |  4.0
Fighting       | |  3.6

Action                   |  1- 3 |  4- 6 || total
-------------------------+-------+-------++-------
Melee: Long sword        |   130 |    65 ||   195
       Headbutt          |    15 |     8 ||    23
  Use: Scroll            |       |     3 ||     3
       Potion            |       |     3 ||     3
  Eat: Chunk             |     1 |     2 ||     3
Armor: Scale mail        |    15 |       ||    15
       Chain mail        |    37 |    25 ||    62
Dodge: Dodged            |    19 |    11 ||    30
Block: Shield            |   116 |    51 ||   167
       Reflection        |     1 |       ||     1
       Rpst.: Long sword |     5 |       ||     5
